 Dungeon Crawl Stone Soup version 0.26.1-11-gd32895ea62 (webtiles) character file.

Game seed: 1452228229989620272

10194 Zeld the Basher (level 11, -9/94 HPs)
             Began as a Pale Draconian Gladiator on June 13, 2021.
             Was a Priest of Qazlal.
             Shot with a bolt by a yaktaur captain (36 damage)
             ... on level 11 of the Dungeon.
             The game lasted 00:21:42 (16579 turns).

Zeld the Basher (Pale Draconian Gladiator)         Turns: 16579, Time: 00:21:43

Health: -9/94      AC:  9    Str: 19    XL:     11   Next: 33%
Magic:  13/13      EV: 16    Int:  9    God:    Qazlal [***...]
Gold:   535        SH:  4    Dex: 13    Spells: 10/10 levels left

rFire    . . .     SeeInvis .   a - +6 whip (drain)
rCold    . . .     Faith    .   (no shield)
rNeg     . . .     Spirit   .   (armour unavailable)
rPois    +         Reflect  .   b - +0 hat
rElec    .         Harm     .   k - +0 cloak
rCorr    +         Rampage  .   (no gloves)
Will     .....                  s - +0 pair of boots
Stlth    +.........             (no amulet)
HPRegen  0.25/turn              G - ring of poison resistance
MPRegen  0.13/turn              F - ring of resist corrosion

@: berserk cooldown, slowed, very slow
A: breathe steam, unfitting armour, cold-blooded, AC +7
a: Breathe Steam, Renounce Religion, Upheaval, Elemental Force


You were on level 11 of the Dungeon.
You worshipped Qazlal.
Qazlal was most pleased with you.
You visited 2 branches of the dungeon, and saw 12 of its levels.

You collected 1298 gold pieces.
You spent 763 gold pieces at shops.

Inventory:

Hand Weapons
 a - a +6 whip of draining (weapon)
Missiles
 c - 2 throwing nets (quivered)
 l - 258 stones
 A - 18 boomerangs
 I - 11 poisoned darts
Armour
 b - a +0 hat (worn)
 k - a +0 cloak (worn)
 s - a +0 pair of boots (worn)
Jewellery
 g - an uncursed ring of protection from fire
 m - an uncursed amulet of reflection
 F - a ring of resist corrosion (right hand)
 G - a ring of poison resistance (left hand)
 H - an uncursed ring of protection from cold
Wands
 r - a wand of flame (21)
 K - a wand of iceblast (20)
 L - a wand of polymorph (22)
Scrolls
 d - 9 scrolls of remove curse
 e - 9 scrolls of teleportation
 f - 7 scrolls of blinking
 h - 5 scrolls of magic mapping
 q - 6 scrolls of fear
 t - a scroll of identify
Potions
 i - 4 potions of invisibility
 j - a potion of berserk rage
 n - 5 potions of flight {unknown}
 o - 2 potions of degeneration {unknown}
 p - 2 potions of cancellation {unknown}
 u - 2 potions of brilliance {unknown}
 v - 4 potions of curing
 w - a potion of resistance {unknown}
 x - a potion of magic {unknown}
 z - a potion of might {unknown}
 C - 4 potions of lignification {unknown}
 E - 4 potions of heal wounds {unknown}


   Skills:
 + Level 8.1 Fighting
 * Level 10.6 Maces & Flails
 * Level 9.6 Throwing
 + Level 7.1 Dodging
 * Level 3.4 Invocations


You had 10 spell levels left.
You didn't know any spells.
Your spell library contained the following spells:

 Spells                   Type           Power        Failure   Level
 Corona                   Hex            0%           38%         1
 Ensorcelled Hibernation  Hex/Ice        0%           52%         2
 Confusing Touch          Hex            0%           77%         3
 Dazzling Flash           Conj/Hex       0%           77%         3
 Tukima's Dance           Hex            0%           77%         3


Dungeon Overview and Level Annotations

Branches:
Dungeon (11/15)            Temple (1/1) D:4            Lair (0/6) D:9
    Orc (0/2) D:11

Altars:
Ashenzari
Cheibriados
Dithmenos
Elyvilon
Fedhas
Gozag
Hepliaklqana
Kikubaaqudgha
Makhleb
Nemelex Xobeh
Okawaru
Qazlal
Ru
Sif Muna
Trog
Uskayaw
Vehumet
Wu Jian
Xom
Yredelemnul
Zin
The Shining One
Beogh

Shops:
D:10 =   D:11 (

Annotations:
D:9 3 runed translucent doors


Innate Abilities, Weirdness & Mutations

You can breathe blasts of scalding, opaque steam.
Your pale cyan-grey scales are hard. (AC +7)
You cannot fit into any form of body armour.
You are cold-blooded and may be slowed by cold attacks.


Message History

You whack the bullfrog zombie! You tail-slap the bullfrog zombie.
The bullfrog zombie is almost destroyed.
The bullfrog zombie closely misses you.
You whack the bullfrog zombie!
You destroy the bullfrog zombie!
Qazlal accepts your kill.
You hear a shout!
You feel a strong urge to attack something.
You are no longer berserk.
You are exhausted.
You feel yourself slow down.
A yaktaur captain comes into view. It is wielding a +0 trident.
A yaktaur captain is nearby!
A yaktaur captain is nearby!
A yaktaur captain is nearby!
A yaktaur captain is nearby!
The yaktaur captain unwields a +0 trident.
The yaktaur captain wields a +3 arbalest.
The yaktaur captain shoots a bolt.
The bolt hits you!!!
You die...

......# #......#
......## ###'#...#
......≈### ###≈..#...#
######≈≈8#S#8≈≈..#...#
#≈###'###≈..#...#
###.....##..'...#
#.......####...#
#...... #......# ....
##.@....#
#'###○°○....#
#.c)...###### ########


You could see a yaktaur captain.

Vanquished Creatures
  A death knight (D:11)
  A tengu warrior (D:11)
  2 two-headed ogres
  A cyclops (D:11)
  2 guardian serpents (D:11)
  Maggie (D:9)
  A troll (D:9)
  Prince Ribbit (D:7)
  Grinder (D:2)
  Sigmund (D:3)
  4 yaks (D:9)
  A wyvern (D:8)
  Menkaure (D:7)
  A soldier ant (D:10)
  A water moccasin (D:11)
  An ice beast (D:11)
  2 orc warriors
  3 sky beasts
  A hornet zombie (D:6)
  4 ogres
  2 phantoms
  4 centaurs
  6 bullfrogs
  A wyvern skeleton (D:11)
  6 killer bees (D:9)
  12 wights
  2 howler monkeys (D:7)
  4 jellies
  3 bullfrog zombies
  A quasit (D:11)
  3 hounds
  4 orc priests
  2 centaur skeletons
  4 iguanas
  12 orc wizards
  16 worker ants
  A killer bee zombie (D:7)
  A hound zombie (D:8)
  4 hound skeletons
  3 gnolls (D:11)
  2 howler monkey skeletons
  8 adders
  2 shadow imps
  3 white imps
  3 ufetubi
  2 oozes
  An adder skeleton (D:4)
  3 worms (D:5)
  4 dart slugs
  6 leopard geckos
  55 orcs
  4 ball pythons
  10 bats
  7 giant cockroaches
  10 goblins
  10 hobgoblins
  15 jackals
  3 quokkas
  5 frilled lizards
  A jackal skeleton (D:4)
  11 kobolds
  A leopard gecko skeleton (D:3)
  A quokka skeleton (D:5)
  A quokka zombie (D:8)
  15 rats
305 creatures vanquished.

Notes
Turn   | Place    | Note
-------+----------+-------------------------------------------
     0 | D:1      | Zeld the Draconian Gladiator began the quest for the Orb.
     0 | D:1      | Reached XP level 1. HP: 17/17 MP: 1/1
    65 | D:1      | Reached XP level 2. HP: 25/25 MP: 2/2
   563 | D:1      | Reached XP level 3. HP: 30/30 MP: 3/3
  1462 | D:2      | Reached XP level 4. HP: 37/37 MP: 4/4
  2302 | D:3      | Noticed Grinder
  2830 | D:2      | Paralysed by Grinder for 7 turns
  2850 | D:2      | Killed Grinder
  2851 | D:2      | Reached skill level 4 in Maces & Flails
  2851 | D:2      | Reached XP level 5. HP: 34/45 MP: 5/5
  2851 | D:2      | Reached XP level 6. HP: 38/51 MP: 6/6
  2997 | D:3      | Noticed Sigmund
  3366 | D:3      | Killed Sigmund
  3367 | D:3      | Reached skill level 5 in Maces & Flails
  3445 | D:3      | Your scales start taking on a pale cyan-grey colour.
  3445 | D:3      | Reached XP level 7. HP: 50/58 MP: 7/7
  4432 | D:4      | Found a staircase to the Ecumenical Temple.
  4444 | Temple   | Entered the Ecumenical Temple
  4470 | Temple   | Became a worshipper of Qazlal Stormbringer
  5126 | D:4      | Found a bloodstained altar of Trog.
  5126 | D:4      | Found a sparkling altar of Nemelex Xobeh.
  5503 | D:5      | Entered Level 5 of the Dungeon
  5537 | D:5      | Reached skill level 5 in Throwing
  6128 | D:5      | Reached skill level 6 in Maces & Flails
  6222 | D:5      | Found an opulent altar of Gozag.
  6223 | D:5      | Found a blossoming altar of Fedhas.
  6223 | D:5      | Found a broken altar of Ashenzari.
  6224 | D:5      | Found a shimmering altar of Xom.
  6370 | D:5      | Reached XP level 8. HP: 60/67 MP: 8/8
  7440 | D:6      | Reached skill level 5 in Fighting
  7770 | D:6      | Found a hazy altar of Hepliaklqana.
  7835 | D:6      | Reached skill level 7 in Maces & Flails
  8251 | D:7      | Found a radiant altar of Vehumet.
  8264 | D:7      | Reached skill level 5 in Dodging
  8318 | D:7      | Reached * piety under Qazlal
  8469 | D:7      | Reached XP level 9. HP: 74/74 MP: 9/9
  8659 | D:7      | Noticed Prince Ribbit
  8941 | D:7      | Noticed Menkaure
  8952 | D:7      | Killed Menkaure
  9383 | D:7      | Killed Prince Ribbit
  9397 | D:7      | Reached skill level 8 in Maces & Flails
  9484 | D:8      | Found a runed translucent door.
  9801 | D:8      | Noticed a two-headed ogre
  9829 | D:8      | Killed a two-headed ogre
 10856 | D:8      | Reached ** piety under Qazlal
 11219 | D:8      | Reached XP level 10. HP: 84/84 MP: 10/10
 11315 | D:8      | Found a roughly hewn altar of Beogh.
 11462 | D:9      | Reached skill level 9 in Maces & Flails
 11561 | D:9      | Found a runed translucent gate.
 11561 | D:9      | Found a runed translucent gate.
 11561 | D:9      | Found a runed translucent gate.
 11678 | D:9      | Found a staircase to the Lair.
 11916 | D:9      | Reached *** piety under Qazlal
 12265 | D:9      | Noticed Maggie
 12278 | D:9      | Killed Maggie
 12488 | D:9      | Noticed a red ugly thing
 12490 | D:9      | Noticed a green ugly thing
 12492 | D:9      | Noticed a cyan ugly thing
 12542 | D:10     | Entered Level 10 of the Dungeon
 13262 | D:10     | Noticed a two-headed ogre
 13267 | D:10     | Killed a two-headed ogre
 13268 | D:10     | Reached skill level 10 in Maces & Flails
 13647 | D:10     | Found Oppeg's Jewellery Emporium.
 13848 | D:10     | Identified a scroll of acquirement
 13850 | D:10     | Acquired 670 gold pieces
 13893 | D:10     | Bought the ring of Zosh {+Fly Int+2} for 401 gold pieces
 14548 | D:11     | Noticed a death knight
 14977 | D:11     | Noticed a cyclops
 15158 | D:11     | Killed a cyclops
 15159 | D:11     | Reached skill level 1 in Invocations
 15159 | D:11     | Reached XP level 11. HP: 94/94 MP: 10/12
 15257 | D:11     | Found Ycampeli's Antique Weapon Boutique.
 15314 | D:11     | Reached **** piety under Qazlal
 15663 | D:11     | Bought a glowing flail for 188 gold pieces
 15663 | D:11     | Bought a runed mace for 174 gold pieces
 15699 | D:11     | Found a staircase to the Orcish Mines.
 15704 | D:11     | Found a roughly hewn altar of Beogh.
 16072 | D:11     | Found a runed translucent door.
 16243 | D:11     | Killed a death knight
 16545 | D:11     | Noticed a tengu warrior
 16566 | D:11     | Killed a tengu warrior
 16577 | D:11     | Noticed a yaktaur captain
 16579 | D:11     | Shot with a bolt by a yaktaur captain

Illustrated notes

Levels and vault maps discovered:
D:1:      lemuel_arrival_lava_pool, layout_basic
D:2:      minmay_general_purpose_star, layout_basic, dk_noncrumbling_3
D:3:      layout_basic, uniq_grinder, uniq_sigmund
D:4:      layout_basic, grunt_temple_overflow_open, temple_pool_b,
          chequers_serial_rivers_room_b
D:5:      layout_gridville, chequers_temple_overflow_statue_of_worship,
          cheibrodos_sewer_entry_drain
D:6:      layout_basic, basic_altar
D:7:      layout_loops_ring, lemuel_statue_altar, uniq_prince_ribbit1,
          uniq_menkaure
D:8:      layout_gridville, corexii_checkpoint_a, lightli_church_of_beogh
D:9:      layout_irregular_city, lair_entry_dummy,
          ploomutoo_gammafunk_ghost_potion_laboratory, uniq_maggie
D:10:     kennysheep_six_static_rooms, layout_stronghold, serial_shops,
          nicolae_shop_waterfront, kennysheep_another_room
D:11:     nrook_guardian_serpent_snake_passage, layout_irregular_city,
          minmay_orc_entry_temple_small, serial_shops,
          nicolae_shop_competitors_out_of_business, lightli_airlock
Temple:   nicolae_temple_elliptical

Skill      XL: |  1  2  3  4  5  6  7  8  9 10 11 |
---------------+----------------------------------+-----
Throwing       | 2 3 4 5 6 7 9 |  9.6
Dodging        | 3 4 5 6 7 |  7.1
Fighting       | 3 4 5 6 7 8 |  8.1
Maces & Flails | 4 5 6 7 8 10 | 10.6
Invocations    | 1 3 |  3.4

Action                   |  1- 3 |  4- 6 |  7- 9 | 10-12 || total
-------------------------+-------+-------+-------+-------++-------
Melee: Flail             |   143 |    22 |       |       ||   165
       Tailslap          |    18 |    16 |    66 |    67 ||   167
       Whip              |       |   122 |   474 |   360 ||   956
Throw: Throwing net      |       |     5 |       |       ||     5
Invok: Upheaval          |       |       |       |     3 ||     3
 Abil: Breathe Steam     |       |       |    15 |    10 ||    25
       Evoke Flight      |       |       |       |     1 ||     1
  Use: Scroll            |       |       |     1 |    19 ||    20
       Potion            |       |       |       |     2 ||     2
 Stab: Sleeping          |     1 |       |     1 |       ||     2
Armor: Skin              |    51 |    46 |    97 |    67 ||   261
Dodge: Dodged            |   115 |   107 |   296 |   180 ||   698
Block: Other             |       |       |     7 |    46 ||    53
